| TOP OF THE 1ST |
|
Tijuana Toros batting - Pitching for Colorado Avalanche : RHP Yin-ti Shen
|
|
Pitching: RHP Yin-ti Shen
|
|
|
Batting: RHB Alex Diaz
|
0-0: Foul Ball, location: 2F 0-1: Fly out, F8 (Flyball, 8RM, EV 90.0 MPH)
|
|
Batting: RHB Guo Kwok
|
0-0: Ball 1-0: Foul Ball, location: 2F 1-1: Ball 2-1: Foul Ball, location: 2F 2-2: Foul Ball, location: 2F 2-2: Ground out 5-3 (Groundball, 56S, EV 82.5 MPH)
|
|
Batting: RHB Jerry Afghani
|
0-0: Swinging Strike 0-1: Foul Ball, location: 2F 0-2: Ball 1-2: Foul Ball, location: 2F 1-2: Ground out 5-3 (Groundball, 56S, EV 83.1 MPH)
|
| Top of the 1st over - 0 runs, 0 hits, 0 errors, 0 left on base; Tijuana 0 - Colorado 0 |
| BOTTOM OF THE 1ST |
|
Colorado Avalanche batting - Pitching for Tijuana Toros : LHP Israel Cerna
|
|
Pitching: LHP Israel Cerna
|
|
|
Batting: RHB Ben Connelly
|
0-0: Called Strike 0-1: Ball 1-1: Swinging Strike 1-2: Strikes out swinging
|
|
Batting: SHB Taylor Shelton
|
0-0: Ball 1-0: Ball 2-0: Called Strike 2-1: Ball 3-1: Foul Ball, location: 2F 3-2: Strikes out swinging
|
|
Batting: RHB Joe Shade
|
0-0: Ball 1-0: Swinging Strike 1-1: Ball 2-1: Swinging Strike 2-2: Strikes out looking
|
| Bottom of the 1st over - 0 runs, 0 hits, 0 errors, 0 left on base; Tijuana 0 - Colorado 0 |
| TOP OF THE 2ND |
|
Tijuana Toros batting - Pitching for Colorado Avalanche : RHP Yin-ti Shen
|
|
Batting: RHB Shiki Nomoto
|
0-0: Foul Ball, location: 2F 0-1: Ball 1-1: Ball 2-1: Fly out, F4 (Popup, 4, EV 56.9 MPH)
|
|
Batting: LHB Jose Diaz
|
0-0: Swinging Strike 0-1: Foul Ball, location: 2F 0-2: Foul Ball, location: 2F 0-2: Ball 1-2: Ball 2-2: Ball 3-2: Foul Ball, location: 2F 3-2: Fly out, F7 (Line Drive, 78M, EV 104.4 MPH)
|
|
Batting: RHB Jesus Herrera
|
0-0: Ball 1-0: Ball 2-0: Swinging Strike 2-1: Ground out 4-3 (Groundball, 4, EV 106.2 MPH)
|
| Top of the 2nd over - 0 runs, 0 hits, 0 errors, 0 left on base; Tijuana 0 - Colorado 0 |
| BOTTOM OF THE 2ND |
|
Colorado Avalanche batting - Pitching for Tijuana Toros : LHP Israel Cerna
|
|
Batting: RHB Aaron Burnet
|
0-0: Ball 1-0: SINGLE (Groundball, 6MD, EV 98.8 MPH)
|
|
Batting: RHB Jon Herner
|
0-0: Ball 1-0: Ground out 3-1 (Groundball, 34S, EV 77.5 MPH) Aaron Burnet to second
|
|
Batting: LHB Tyler Twiss
|
0-0: Ball 1-0: Ball 2-0: Ball 3-0: Swinging Strike 3-1: Foul Ball, location: 2F 3-2: Strikes out looking
|
|
Batting: RHB Mike Chiquete
|
0-0: Ball 1-0: Foul Ball, location: 2F 1-1: Ball 2-1: Ground out 4-3 (Groundball, 4, EV 103.1 MPH)
|
| Bottom of the 2nd over - 0 runs, 1 hit, 0 errors, 1 left on base; Tijuana 0 - Colorado 0 |
| TOP OF THE 3RD |
|
Tijuana Toros batting - Pitching for Colorado Avalanche : RHP Yin-ti Shen
|
|
Batting: RHB Tan-ming Kwan
|
0-0: Ball 1-0: Ball 2-0: Called Strike 2-1: Ground out 1-3 (Groundball, 13S, EV 70.6 MPH)
|
|
Batting: RHB Guillermo Puente
|
0-0: Ball 1-0: Swinging Strike 1-1: Foul Ball, location: 2F 1-2: Strikes out swinging
|
|
Batting: RHB Clay Holgate
|
0-0: Called Strike 0-1: Foul Ball, location: 2F 0-2: Foul Ball, location: 2F 0-2: Foul Ball, location: 2F 0-2: Ball 1-2: Strikes out swinging
|
| Top of the 3rd over - 0 runs, 0 hits, 0 errors, 0 left on base; Tijuana 0 - Colorado 0 |
| BOTTOM OF THE 3RD |
|
Colorado Avalanche batting - Pitching for Tijuana Toros : LHP Israel Cerna
|
|
Batting: LHB Dan Goldberg
|
0-0: Ball 1-0: Ground out U3 (Groundball, 3, EV 88.1 MPH)
|
|
Batting: LHB Bob Kaufmann
|
0-0: Ball 1-0: SINGLE (Groundball, 6M, EV 105.6 MPH)
|
|
Batting: RHB Ben Connelly
|
0-0: Called Strike 0-1: Ball 1-1: Called Strike 1-2: Foul Ball, location: 2F 1-2: Ball 2-2: Strikes out swinging
|
|
Batting: SHB Taylor Shelton
|
0-0: Called Strike 0-1: Ball 1-1: Ball 2-1: Swinging Strike 2-2: Foul Ball, location: 2F 2-2: Ground out 1-3 (Groundball, 34S, EV 66.9 MPH)
|
| Bottom of the 3rd over - 0 runs, 1 hit, 0 errors, 1 left on base; Tijuana 0 - Colorado 0 |
| TOP OF THE 4TH |
|
Tijuana Toros batting - Pitching for Colorado Avalanche : RHP Yin-ti Shen
|
|
Batting: RHB Alex Diaz
|
0-0: Ground out 4-3 (Groundball, 4M, EV 82.5 MPH)
|
|
Batting: RHB Guo Kwok
|
0-0: Called Strike 0-1: Swinging Strike 0-2: Ball 1-2: Strikes out swinging
|
|
Batting: RHB Jerry Afghani
|
0-0: Fly out, F7 (Flyball, 7, EV 78.8 MPH)
|
| Top of the 4th over - 0 runs, 0 hits, 0 errors, 0 left on base; Tijuana 0 - Colorado 0 |
| BOTTOM OF THE 4TH |
|
Colorado Avalanche batting - Pitching for Tijuana Toros : LHP Israel Cerna
|
|
Batting: RHB Joe Shade
|
0-0: Called Strike 0-1: Foul Ball, location: 2F 0-2: Ball 1-2: Ball 2-2: SINGLE (Flyball, 34D, EV 90.0 MPH)
|
|
Batting: RHB Aaron Burnet
|
0-0: Ball 1-0: Called Strike 1-1: Ball 2-1: Swinging Strike 2-2: Ball 3-2: Foul Ball, location: 2F 3-2: Base on Balls Joe Shade to second
|
|
Batting: RHB Jon Herner
|
0-0: Ball 1-0: Foul Ball, location: 2F 1-1: Called Strike 1-2: Foul Ball, location: 2F 1-2: Strikes out looking
|
|
Batting: LHB Tyler Twiss
|
0-0: Called Strike 0-1: Ball 1-1: Ball 2-1: Ball 3-1: Called Strike 3-2: Base on Balls Joe Shade to third Aaron Burnet to second
|
|
Batting: RHB Mike Chiquete
|
0-0: Ball 1-0: Foul Ball, location: 2F 1-1: Fielders Choice at 2nd, 3-6 (Groundball, 34, EV 81.2 MPH) Joe Shade scores Aaron Burnet to third
|
|
Batting: LHB Dan Goldberg
|
0-0: Fly out, F4 (Popup, 4, EV 56.2 MPH)
|
| Bottom of the 4th over - 1 run, 1 hit, 0 errors, 2 left on base; Tijuana 0 - Colorado 1 |
| TOP OF THE 5TH |
|
Tijuana Toros batting - Pitching for Colorado Avalanche : RHP Yin-ti Shen
|
|
Batting: RHB Shiki Nomoto
|
0-0: Called Strike 0-1: Ball 1-1: Ground out 6-3 (Groundball, 56D, EV 99.4 MPH)
|
|
Batting: LHB Jose Diaz
|
0-0: Ball 1-0: Foul Ball, location: 2F 1-1: Foul Ball, location: 2F 1-2: Ball 2-2: Foul Ball, location: 2F 2-2: Ball 3-2: Fly out, F5 (Popup, 56, EV 66.9 MPH)
|
|
Batting: RHB Jesus Herrera
|
0-0: Ball 1-0: Ball 2-0: Called Strike 2-1: Swinging Strike 2-2: Ground out 5-3 (Groundball, 56, EV 88.1 MPH)
|
| Top of the 5th over - 0 runs, 0 hits, 0 errors, 0 left on base; Tijuana 0 - Colorado 1 |
| BOTTOM OF THE 5TH |
|
Colorado Avalanche batting - Pitching for Tijuana Toros : LHP Israel Cerna
|
|
Batting: LHB Bob Kaufmann
|
0-0: Ball 1-0: Called Strike 1-1: Foul Ball, location: 2F 1-2: Strikes out swinging
|
|
Batting: RHB Ben Connelly
|
0-0: SINGLE (Groundball, 4S, EV 67.5 MPH) (infield hit)
|
|
Batting: SHB Taylor Shelton
|
0-0: Ball 1-0: Foul Ball, location: 2F 1-1: Foul Ball, location: 2F 1-2: Foul Ball, location: 2F 1-2: Ball 2-2: Foul Ball, location: 2F 2-2: Ball 3-2: Fly out, F7 (Flyball, 78M, EV 88.1 MPH)
|
|
Batting: RHB Joe Shade
|
0-0: Foul Ball, location: 2F 0-1: Ball 1-1: Foul Ball, location: 2F 1-2: Ball Ben Connelly steals 2nd base 2-2: Ball 3-2: Fly out, F5 (Popup, 5SF, EV 73.8 MPH)
|
| Bottom of the 5th over - 0 runs, 1 hit, 0 errors, 1 left on base; Tijuana 0 - Colorado 1 |
| TOP OF THE 6TH |
|
Tijuana Toros batting - Pitching for Colorado Avalanche : RHP Yin-ti Shen
|
|
Batting: RHB Tan-ming Kwan
|
0-0: Ground out 4-3 (Groundball, 4, EV 100.0 MPH)
|
|
Batting: RHB Guillermo Puente
|
0-0: Ball 1-0: Foul Ball, location: 2F 1-1: Ball 2-1: Ball 3-1: Ground out 6-3 (Groundball, 56, EV 90.6 MPH)
|
|
Batting: RHB Clay Holgate
|
0-0: Called Strike 0-1: DOUBLE (Line Drive, 7LS, EV 105.6 MPH)
|
|
Batting: RHB Alex Diaz
|
0-0: Foul Ball, location: 2F 0-1: Called Strike 0-2: Ball 1-2: Foul Ball, location: 2F 1-2: Ball 2-2: Ball 3-2: Foul Ball, location: 2F 3-2: SINGLE (Line Drive, 5D, EV 95.0 MPH) Clay Holgate to third Runner from 3rd tries for Home, SAFE, throw by LF to home
|
|
Pitching: RHP Cedomil Nedic
|
|
|
Batting: RHB Guo Kwok
|
0-0: Ball Alex Diaz is caught stealing 2nd base 2-4
|
| Top of the 6th over - 1 run, 2 hits, 0 errors, 0 left on base; Tijuana 1 - Colorado 1 |
| BOTTOM OF THE 6TH |
|
Colorado Avalanche batting - Pitching for Tijuana Toros : LHP Israel Cerna
|
|
Batting: RHB Aaron Burnet
|
0-0: Called Strike 0-1: Ball 1-1: Ball 2-1: Ball 3-1: Base on Balls
|
|
Batting: RHB Jon Herner
|
0-0: Ball 1-0: Ball 2-0: Ball Aaron Burnet steals 2nd base 3-0: Called Strike 3-1: Ground out U3 (Groundball, 3, EV 108.1 MPH) Aaron Burnet to third
|
|
Batting: LHB Tyler Twiss
|
0-0: Ball 1-0: Ground out U3 (Groundball, 3S, EV 67.5 MPH)
|
|
Batting: RHB Mike Chiquete
|
0-0: Ball 1-0: Foul Ball, location: 2F 1-1: Foul Ball, location: 2F 1-2: Foul Ball, location: 2F 1-2: Ball 2-2: Fly out, F6 (Popup, P, EV 83.8 MPH)
|
| Bottom of the 6th over - 0 runs, 0 hits, 0 errors, 1 left on base; Tijuana 1 - Colorado 1 |
| TOP OF THE 7TH |
|
Tijuana Toros batting - Pitching for Colorado Avalanche : RHP Cedomil Nedic
|
|
Batting: RHB Guo Kwok
|
0-0: Ball 1-0: Ground out U3 (Groundball, 34S, EV 86.2 MPH)
|
|
Batting: RHB Jerry Afghani
|
0-0: Called Strike 0-1: Ball 1-1: Foul Ball, location: 2F 1-2: Ball 2-2: Foul Ball, location: 2F 2-2: Foul Ball, location: 2F 2-2: Ball 3-2: Base on Balls
|
|
Batting: RHB Shiki Nomoto
|
0-0: Ball 1-0: Swinging Strike 1-1: Ball Jerry Afghani is caught stealing 2nd base 2-4 2-1: Foul Ball, location: 2F 2-2: Foul Ball, location: 2F 2-2: Foul Ball, location: 2F 2-2: SINGLE (Line Drive, 56D, EV 99.4 MPH)
|
|
Batting: LHB Jose Diaz
|
0-0: Ball 1-0: Ground out 4-3 (Groundball, 34, EV 98.8 MPH)
|
| Top of the 7th over - 0 runs, 1 hit, 0 errors, 1 left on base; Tijuana 1 - Colorado 1 |
| BOTTOM OF THE 7TH |
|
Colorado Avalanche batting - Pitching for Tijuana Toros : LHP Israel Cerna
|
|
Pitching: RHP Karl Sullivan
|
|
|
Batting: LHB Dan Goldberg
|
0-0: Ball 1-0: Ball 2-0: Foul Ball, location: 2F 2-1: Foul Ball, location: 2F 2-2: Ball 3-2: Fly out, F8 (Flyball, 8LD, EV 97.5 MPH)
|
|
Batting: LHB Bob Kaufmann
|
0-0: Called Strike 0-1: Foul Ball, location: 2F 0-2: Strikes out swinging
|
|
Pinch Hitting: LHB Rich Rauda
|
0-0: Ball 1-0: Ball 2-0: Foul Ball, location: 2F 2-1: SINGLE (Line Drive, 9LS, EV 109.4 MPH)
|
|
Batting: SHB Taylor Shelton
|
0-0: Called Strike 0-1: Ball Rich Rauda steals 2nd base 1-1: Foul Ball, location: 2F 1-2: Ball 2-2: Foul Ball, location: 2F 2-2: Ball 3-2: Foul Ball, location: 2F 3-2: Foul Ball, location: 2F 3-2: Fly out, F8 (Flyball, 8LXD, EV 105.0 MPH)
|
| Bottom of the 7th over - 0 runs, 1 hit, 0 errors, 1 left on base; Tijuana 1 - Colorado 1 |
| TOP OF THE 8TH |
|
Tijuana Toros batting - Pitching for Colorado Avalanche : RHP Cedomil Nedic
|
|
Now at 3B: Brent Montagano
|
|
|
Now at SS: Mike Chiquete
|
|
|
Pinch Hitting: SHB Luis Diaz
|
0-0: Ball 1-0: Swinging Strike 1-1: Ball 2-1: Foul Ball, location: 2F 2-2: Foul Ball, location: 2F 2-2: Strikes out looking
|
|
Batting: RHB Tan-ming Kwan
|
0-0: Called Strike 0-1: Ground out 6-3 (Groundball, 6, EV 91.9 MPH)
|
|
Batting: RHB Guillermo Puente
|
0-0: Ball 1-0: Called Strike 1-1: Called Strike 1-2: SINGLE (Flyball, 89S, EV 101.9 MPH) - OUT at second base trying to stretch hit.
|
| Top of the 8th over - 0 runs, 1 hit, 0 errors, 0 left on base; Tijuana 1 - Colorado 1 |
| BOTTOM OF THE 8TH |
|
Colorado Avalanche batting - Pitching for Tijuana Toros : RHP Karl Sullivan
|
|
Now at 2B: Tony Vasquez
|
|
|
Now at SS: Shiki Nomoto
|
|
|
Batting: RHB Joe Shade
|
0-0: Foul Ball, location: 2F 0-1: Ball 1-1: Ball 2-1: Ground out 6-3 (Groundball, 6, EV 100.6 MPH)
|
|
Batting: RHB Aaron Burnet
|
0-0: Ball 1-0: Called Strike 1-1: Ball 2-1: Ball 3-1: Called Strike 3-2: Ground out 6-3 (Groundball, 6M, EV 78.1 MPH)
|
|
Batting: RHB Jon Herner
|
0-0: Swinging Strike 0-1: Foul Ball, location: 2F 0-2: Foul Ball, location: 2F 0-2: Ground out 4-3 (Groundball, 4S, EV 71.2 MPH)
|
| Bottom of the 8th over - 0 runs, 0 hits, 0 errors, 0 left on base; Tijuana 1 - Colorado 1 |
| TOP OF THE 9TH |
|
Tijuana Toros batting - Pitching for Colorado Avalanche : RHP Cedomil Nedic
|
|
Pitching: RHP Gary Pinard
|
|
|
Batting: RHB Jaylen North
|
0-0: Foul Ball, location: 2F 0-1: Ball 1-1: Ball 2-1: Called Strike 2-2: Ball 3-2: SINGLE (Groundball, 4MD, EV 103.8 MPH)
|
|
Batting: RHB Alex Diaz
|
0-0: Ball 1-0: Ball 2-0: Fly out, F9 (Flyball, 9LS, EV 90.6 MPH)
|
|
Batting: RHB Guo Kwok
|
0-0: Called Strike 0-1: Ball 1-1: Fly out, F8 (Flyball, 8LS, EV 85.6 MPH)
|
|
Batting: RHB Jerry Afghani
|
0-0: Called Strike 0-1: Ball 1-1: Swinging Strike 1-2: Strikes out swinging
|
| Top of the 9th over - 0 runs, 1 hit, 0 errors, 1 left on base; Tijuana 1 - Colorado 1 |
| BOTTOM OF THE 9TH |
|
Colorado Avalanche batting - Pitching for Tijuana Toros : RHP Karl Sullivan
|
|
Pitching: RHP Joe Goodwin
|
|
|
Pinch Hitting: RHB Marco Avina
|
0-0: Fly out, F7 (Line Drive, 7, EV 109.4 MPH)
|
|
Batting: RHB Mike Chiquete
|
0-0: Called Strike 0-1: Ground out 5-3 (Groundball, 56, EV 96.9 MPH)
|
|
Batting: LHB Dan Goldberg
|
0-0: Foul Ball, location: 2F 0-1: Ball 1-1: Ball 2-1: Ball 3-1: Foul Ball, location: 2F 3-2: Base on Balls
|
|
Batting: LHB Bob Kaufmann
|
0-0: Fly out, F7 (Flyball, 7, EV 89.4 MPH)
|
| Bottom of the 9th over - 0 runs, 0 hits, 0 errors, 1 left on base; Tijuana 1 - Colorado 1 |
| TOP OF THE 10TH |
|
Tijuana Toros batting - Pitching for Colorado Avalanche : RHP Gary Pinard
|
|
Now in LF: Marco Avina
|
|
|
Now in RF: Dan Goldberg
|
|
|
Batting: RHB Shiki Nomoto
|
0-0: Foul Ball, location: 2F 0-1: SOLO HOME RUN (Flyball, 78XD, EV 106.2 MPH), Distance : 439 ft
|
|
Batting: LHB Jose Diaz
|
0-0: Ball 1-0: Foul Ball, location: 2F 1-1: Ball 2-1: DOUBLE (Line Drive, 78D, EV 109.4 MPH)
|
|
Pitching: LHP Harley Traynor
|
|
|
Batting: RHB Tony Vasquez
|
0-0: Ball 1-0: TRIPLE (Line Drive, 9LM, EV 102.5 MPH) Jose Diaz scores
|
|
Batting: RHB Tan-ming Kwan
|
0-0: Ball 1-0: Ball 2-0: Called Strike 2-1: SINGLE (Groundball, 56S, EV 100.0 MPH) Tony Vasquez scores
|
|
Batting: RHB Guillermo Puente
|
0-0: SINGLE (Line Drive, 34, EV 95.0 MPH) Tan-ming Kwan to second
|
|
Batting: RHB Jaylen North
|
0-0: Ball 1-0: Called Strike 1-1: Foul Ball, location: 2F 1-2: Ball 2-2: Ball 3-2: SINGLE (Groundball, 4MD, EV 95.0 MPH) Tan-ming Kwan to third Guillermo Puente to second
|
|
Batting: RHB Alex Diaz
|
0-0: Ball 1-0: Called Strike 1-1: Grounds into fielders choice 1-2 (Groundball, 15S, EV 73.1 MPH) Guillermo Puente to third Jaylen North to second
|
|
Batting: RHB Guo Kwok
|
0-0: Called Strike 0-1: Foul Ball, location: 2F 0-2: Ball 1-2: Ball 2-2: SINGLE (Line Drive, 7S, EV 103.8 MPH) Guillermo Puente scores Jaylen North to third Alex Diaz to second
|
|
Batting: RHB Jerry Afghani
|
0-0: Ball 1-0: Ball 2-0: Ball 3-0: Called Strike 3-1: Foul Ball, location: 2F 3-2: TRIPLE (Flyball, 89XD, EV 89.4 MPH) Jaylen North scores Alex Diaz scores Guo Kwok scores
|
|
Pitching: RHP Kyle Cannon
|
|
|
Batting: RHB Shiki Nomoto
|
0-0: Ball 1-0: Ball 2-0: Swinging Strike 2-1: Swinging Strike 2-2: Fly out, F7 (Flyball, 7, EV 86.2 MPH) Runner from 3rd tags up, SCORES, throw by LF
|
|
Batting: LHB Jose Diaz
|
0-0: Foul Ball, location: 2F 0-1: Foul Ball, location: 2F 0-2: Ball 1-2: Fly out, F9 (Line Drive, 89M, EV 98.1 MPH)
|
| Top of the 10th over - 8 runs, 8 hits, 0 errors, 0 left on base; Tijuana 9 - Colorado 1 |
| BOTTOM OF THE 10TH |
|
Colorado Avalanche batting - Pitching for Tijuana Toros : RHP Joe Goodwin
|
|
Batting: RHB Brent Montagano
|
0-0: Ball 1-0: Ball 2-0: Ball 3-0: Called Strike 3-1: Foul Ball, location: 2F 3-2: Foul Ball, location: 2F 3-2: Base on Balls
|
|
Batting: SHB Taylor Shelton
|
0-0: Foul Ball, location: 2F 0-1: Swinging Strike 0-2: Ball 1-2: Ball 2-2: Ball 3-2: Foul Ball, location: 2F 3-2: SINGLE (Line Drive, 34, EV 106.2 MPH) Brent Montagano to second Brent Montagano to third
|
|
Batting: RHB Joe Shade
|
0-0: Called Strike 0-1: Called Strike 0-2: Ball 1-2: Fly out, F8 (Flyball, 8RD, EV 103.1 MPH) Runner from 3rd tags up, SCORES, no throw by CF
|
|
Batting: RHB Aaron Burnet
|
0-0: Fielders Choice at 2nd, 1-6 (Groundball, 34S, EV 71.9 MPH)
|
|
Pinch Hitting: RHB Ken Dunphy
|
0-0: SINGLE (Flyball, 8RS, EV 95.0 MPH) Aaron Burnet to second
|
|
Batting: RHB Marco Avina
|
0-0: Called Strike 0-1: Ball 1-1: Ball 2-1: SINGLE (Line Drive, 8RS, EV 89.4 MPH) Aaron Burnet to third Ken Dunphy to second
|
|
Batting: RHB Mike Chiquete
|
0-0: Called Strike 0-1: Ground out 2-3 (Groundball, 2L, EV 75.6 MPH)
|
| Bottom of the 10th over - 1 run, 3 hits, 0 errors, 3 left on base; Tijuana 9 - Colorado 2 |
|